 Dungeon Crawl Stone Soup version 0.30.1-4-g462c640d31 (webtiles) character file.

Game seed: 17710273355629562823

3158 BallerZ the Thaumaturge (level 9, 0/49 HPs)
             Began as a Deep Elf Conjurer on Sept 1, 2023.
             Was an Elder of Makhleb.
             Succumbed to a hornet's poison
             ... on level 7 of the Dungeon on Sept 6, 2023.
             The game lasted 01:44:29 (6381 turns).

BallerZ the Thaumaturge (Deep Elf Conjurer)         Turns: 6381, Time: 01:44:30

Health: 0/49       AC: 13    Str:  4    XL:     9   Next: 62%
Magic:  19/24      EV: 19    Int: 28    God:    Makhleb [****..]
Gold:   388        SH:  0    Dex: 13    Spells: 15/26 levels left

rFire   . . .        B - +4 quarterstaff (chaos)
rCold   . . .        (shield currently unavailable)
rNeg    . . .        A - +0 steam dragon scales
rPois   .            u - +0 helmet
rElec   .            (no cloak)
rCorr   .            t - +2 pair of gloves
SInv    .            (no boots)
Will    .....        (no amulet)
Stlth   +++          w - +5 ring of evasion
HPRegen 0.28/turn    n - +4 ring of protection
MPRegen 0.19/turn

%: no passive effects
@: lethally poisoned (0 -> -2), slowed, very slow
A: no striking features
a: Renounce Religion, Minor Destruction, Lesser Servant of Makhleb, Major
Destruction


You were on level 7 of the Dungeon.
You worshipped Makhleb.
Makhleb was greatly pleased with you.
You visited 1 branch of the dungeon, and saw 7 of its levels.

You collected 388 gold pieces.

Inventory:

Hand Weapons
 b - a +0 whip of freezing
 e - a +0 giant club
 l - the +1 scimitar of Eternal Vigilance {venom, rPois rF+ Str-3 Dex+3}
   (You found it on level 6 of the Dungeon)

   Str:       It affects your strength (-3).
   Dex:       It affects your dexterity (+3).
   rF:        It protects you from fire.
   rPois:     It protects you from poison.
 p - a +2 short sword of venom
 B - a +4 quarterstaff of chaos (weapon)
 G - a +4 spear
Missiles
 o - 2 throwing nets
Armour
 a - a +2 robe
 t - a +2 pair of gloves (worn)
 u - a +0 helmet (worn)
 A - +0 steam dragon scales (worn)
 C - a +0 cloak
Magical Staves
 j - a staff of cold
Jewellery
 f - a +6 ring of strength
 n - a +4 ring of protection (right hand)
 w - a +5 ring of evasion (left hand)
 H - a ring of willpower
Wands
 m - a wand of paralysis (11)
 q - a wand of mindburst (5)
 r - a wand of flame (2)
Scrolls
 d - a scroll of fear
 k - 3 scrolls of blinking
 y - a scroll of noise {unknown}
 D - a scroll of amnesia {unknown}
 F - a scroll of fog {unknown}
Potions
 c - a potion of ambrosia {unknown}
 g - a potion of curing
 h - 4 potions of mutation
 i - a potion of attraction {unknown}
 s - 2 potions of flight {unknown}
 v - a potion of degeneration {unknown}
 z - 2 potions of heal wounds


   Skills:
 + Level 2.6 Fighting
 + Level 3.5(3.6) Short Blades
 + Level 0.7(2.1) Long Blades
 - Level 0.1 Axes
 - Level 3.1 Armour
 * Level 6.6 Dodging
 * Level 6.8 Stealth
 * Level 9.0 Spellcasting
 * Level 8.4 Conjurations
 - Level 1.5 Evocations


You had 15 spell levels left.
You knew the following spells:

 Your Spells              Type           Power      Damage    Failure   Level
a - Magic Dart            Conj           100%       1d8       1%          1
b - Searing Ray           Conj           100%       2d8       1%          2
c - Sting                 Tmut/Pois      48%        1d5       4%          1
d - Hailstorm             Conj/Ice       36%        3d9       2%          3
e - Fulminant Prism       Conj/Hex       18%        3d10      8%          4

Your spell library contained the following spells:

 Spells                   Type           Power      Damage    Failure   Level
 Dazzling Flash           Conj/Hex       72%        N/A       2%          3
 Freeze                   Ice            48%        1d6       4%          1
 Poisonous Vapours        Pois/Air       24%        N/A       7%          2
 Iskenderun's Mystic Bla  Conj/Tloc      36%        2d9       8%          4
 Frozen Ramparts          Ice            24%        1d4       13%         3
 Olgreb's Toxic Radiance  Pois           12%        N/A       41%         4


Dungeon Overview and Level Annotations

Branches:
Dungeon (7/15)             Temple (0/1) D:5

Altars:
Ashenzari
Elyvilon
Gozag
Makhleb
Sif Muna
Vehumet
Wu Jian
Zin


Message History

You suddenly lose the ability to move!
The hornet stings you.
* * * LOW HITPOINT WARNING * * *
You feel as though you will be slow longer.
* * * LOW HITPOINT WARNING * * *
You feel very sick.
The hornet stings you but does no damage.
You can move again.
You feel much better.
You feel very sick. The hornet stings you.
* * * LOW HITPOINT WARNING * * *
You shrug off the repeated paralysis!
The hornet misses you.
You feel better. The hornet misses you. The hornet stings you.
You are poisoned.
You feel as though you will be slow longer.
The hornet completely misses you.
As you read the scroll of teleportation, it crumbles to dust.
You feel strangely unstable.
You feel very sick. The hornet completely misses you.
The hornet barely misses you.
You feel very sick. The hornet barely misses you.
Aiming: Searing Ray (safe; 1% risk of failure)
Press: ? - help, Q - select action, (/) - cycle Shift-Dir - straight line, f/p - hornet
Aim: a hornet (almost dead, 74% to hit)
The searing ray hits the hornet.
The hornet is almost dead. (Press . to maintain the ray.)
You feel sick.
The hornet stings you but does no damage.
The hornet misses you. The hornet stings you!
* * * LOW HITPOINT WARNING * * *
You feel as though you will be slow longer.
The searing ray hits the hornet but does no damage.
The hornet is almost dead.
Your surroundings suddenly seem different.
Found a whip.
Found a burning altar of Makhleb.
* * * LOW HITPOINT WARNING * * *
You feel sick.
You die...

#### ##...
#
##....##.#
#.._..@..#
#
#....#####
#... ###
### #<.
.###.#
#.....
#.##.# #
#.# ..#


There were no monsters in sight!

Vanquished Creatures
  Pikel (D:4)
  Maggie (D:6)
  Grinder (D:6)
  The ghost of Xrynn the Sneak, an amateur SpEn (D:3)
  Edmund (D:6)
  Menkaure (D:4)
  2 water moccasins
  An orc warrior (D:6)
  2 ogres
  A centaur (D:7)
  2 phantoms (D:6)
  Blork the orc (D:5)
  A gnoll sergeant (D:5)
  A scorpion (D:5)
  4 howler monkeys (D:7)
  2 jellies (D:6)
  2 hounds
  Crazy Yiuf (D:6)
  2 orc priests
  4 iguanas
  2 sleepcaps (D:6)
  Ijyb (D:3)
  3 orc wizards
  11 gnolls
  13 adders
  2 shadow imps
  A white imp (D:6)
  2 ufetubi
  2 worms
  2 dart slugs
  16 orcs
  12 ball pythons
  5 bats
  6 endoplasms
  3 giant cockroaches
  10 goblins
  13 hobgoblins
  3 jackals (D:4)
  13 kobolds
  5 quokkas
  3 frilled lizards
  6 rats
166 creatures vanquished.

Vanquished Creatures (others)
  5 fulminant prisms
5 creatures vanquished.

Grand Total: 171 creatures vanquished

Notes
Turn   | Place    | Note
-------+----------+-------------------------------------------
     0 | D:1      | BallerZ the Deep Elf Conjurer began the quest for the Orb.
     0 | D:1      | Reached XP level 1. HP: 10/10 MP: 6/6
   225 | D:1      | Reached XP level 2. HP: 15/15 MP: 1/8
   515 | D:1      | Reached skill level 5 in Conjurations
   635 | D:1      | Found a faded altar of an unknown god.
   665 | D:1      | Prayed at the altar of an unknown god.
   665 | D:1      | Became a worshipper of Makhleb the Destroyer
   665 | D:1      | Reached * piety under Makhleb
   822 | D:2      | Reached XP level 3. HP: 19/19 MP: 4/9
   825 | D:2      | Learned a level 2 spell: Searing Ray
  1260 | D:2      | Reached XP level 4. HP: 18/24 MP: 3/11
  1264 | D:2      | Reached ** piety under Makhleb
  1519 | D:2      | Reached skill level 4 in Spellcasting
  1576 | D:2      | Reached XP level 5. HP: 28/28 MP: 9/13
  2070 | D:3      | Noticed Xrynn's ghost (amateur SpEn)
  2074 | D:3      | Found a runed translucent door.
  2343 | D:3      | Noticed Ijyb
  2372 | D:3      | Killed Ijyb
  2373 | D:3      | Reached skill level 5 in Spellcasting
  2577 | D:3      | Found an opulent altar of Gozag.
  2577 | D:3      | Found a white marble altar of Elyvilon.
  2585 | D:3      | Found a broken altar of Ashenzari.
  2588 | D:3      | Found a faded altar of an unknown god.
  2590 | D:3      | Found an ornate altar of the Wu Jian Council.
  2737 | D:3      | Killed Xrynn's ghost
  2738 | D:3      | Reached XP level 6. HP: 33/33 MP: 8/16
  2763 | D:3      | Learned a level 1 spell: Sting
  2849 | D:4      | Identified the +5 whip of Feufog {freeze, Drain rF++}
  3082 | D:4      | Noticed Pikel
  3083 | D:4      | Reached skill level 1 in Armour
  3196 | D:4      | Killed Pikel
  3197 | D:4      | Reached skill level 1 in Fighting
  3197 | D:4      | Reached skill level 1 in Short Blades
  3197 | D:4      | Reached skill level 6 in Spellcasting
  3197 | D:4      | Reached skill level 1 in Evocations
  3197 | D:4      | Reached XP level 7. HP: 6/38 MP: 15/19
  3380 | D:4      | Learned a level 3 spell: Hailstorm
  3420 | D:4      | Reached *** piety under Makhleb
  3448 | D:4      | Noticed Menkaure
  3719 | D:4      | Killed Menkaure
  3720 | D:4      | Reached XP level 8. HP: 36/43 MP: 15/20
  3965 | D:5      | Entered Level 5 of the Dungeon
  4003 | D:5      | Noticed Blork the orc
  4013 | D:5      | Killed Blork the orc
  4014 | D:5      | Reached skill level 7 in Spellcasting
  4145 | D:5      | Found a staircase to the Ecumenical Temple.
  4826 | D:5      | Reached skill level 5 in Dodging
  4887 | D:6      | Reached skill level 5 in Stealth
  5043 | D:6      | Reached skill level 8 in Spellcasting
  5235 | D:6      | Noticed Grinder
  5245 | D:6      | Killed Grinder
  5246 | D:6      | Reached XP level 9. HP: 48/48 MP: 10/23
  5373 | D:6      | Identified the +1 scimitar of Eternal Vigilance {venom,
                  | rPois rF+ Str-3 Dex+3}
  5434 | D:6      | Found a shimmering blue altar of Sif Muna.
  5444 | D:6      | Noticed Edmund
  5449 | D:6      | Noticed Maggie
  5459 | D:6      | Killed Edmund
  5463 | D:6      | Killed Maggie
  5483 | D:6      | Learned a level 4 spell: Fulminant Prism
  5809 | D:6      | Found a runed translucent door.
  5810 | D:6      | Noticed Crazy Yiuf
  5816 | D:6      | Killed Crazy Yiuf
  5890 | D:7      | Found a radiant altar of Vehumet.
  5919 | D:7      | Reached **** piety under Makhleb
  5943 | D:7      | Reached skill level 9 in Spellcasting
  6032 | D:7      | Found a glowing silver altar of Zin.
  6130 | D:7      | Paralysed by a hornet for 3 turns
  6373 | D:7      | Paralysed by a hornet for 2 turns
  6374 | D:7      | HP: 2/49 [poisoned by a hornet]
  6379 | D:7      | HP: 2/49 [hornet (10)]
  6380 | D:7      | Found a burning altar of Makhleb.
  6381 | D:7      | Succumbed to a hornet's poison

Illustrated notes

Levels and vault maps discovered:
D:1:      psy_arrival_radial01, layout_basic,
          ebering_ecumenical_altar_sacrificial
D:2:      layout_basic, minmay_snake_closets
D:3:      layout_basic, chequers_temple_overflow_minitemple,
          hellmonk_ghost_happy_afterlife, serial_bayou_pond_e, uniq_ijyb
D:4:      layout_loops_ring, minmay_goblin_kobold_house, uniq_menkaure,
          uniq_pikel
D:5:      cheibrodos_helix_gallery, layout_loops_corners,
          minmay_temple_entry_trees, minmay_misc_feat_tiny, minivault_25,
          uniq_blork_the_orc
D:6:      layout_basic, mainiacjoe_overflow_alcove_1, minmay_increasing_density,
          uniq_crazy_yiuf_cottage, uniq_maggie, uniq_grinder, uniq_edmund
D:7:      layout_loops_ring, mainiacjoe_overflow_small_starburst,
          bloody_makhleb, nicolae_vehumet_altar_sigil

Skill      XL: |  1  2  3  4  5  6  7  8  9 |
---------------+----------------------------+-----
Conjurations   | 5 6 7 8 |  8.4
Stealth        | 3 5 6 |  6.8
Spellcasting   | 4 5 6 8 9 |  9.0
Dodging        | 3 4 5 6 |  6.6
Armour         | 2 3 |  3.1
Fighting       | 1 2 |  2.6
Short Blades   | 1 2 3 |  3.5
Evocations     | 1 |  1.5
Long Blades    | |  0.7
Axes           | |  0.1

Action                     |  1- 3 |  4- 6 |  7- 9 || total
---------------------------+-------+-------+-------++-------
  Melee: Club              |     1 |       |       ||     1
         Hand axe          |     3 |     5 |       ||     8
         Short sword       |       |    21 |     9 ||    30
         Dagger            |       |       |     3 ||     3
         Whip              |       |       |     2 ||     2
         Quarterstaff      |       |       |     2 ||     2
         Scimitar          |       |       |     1 ||     1
   Cast: Magic Dart        |    79 |    95 |       ||   174
         Searing Ray       |       |    21 |    84 ||   105
         Hailstorm         |       |       |     2 ||     2
         Fulminant Prism   |       |       |     5 ||     5
  Evoke: Wand              |       |    11 |     1 ||    12
    Use: Scroll            |     2 |     5 |     7 ||    14
         Potion            |       |     6 |     2 ||     8
   Stab: Distracted        |     1 |       |       ||     1
 Armour: Robe              |    12 |    13 |       ||    25
         Ring mail         |       |     8 |    22 ||    30
         Chain mail        |       |     8 |       ||     8
         Steam dragon scal |       |       |     9 ||     9
  Dodge: Dodged            |    18 |    43 |   105 ||   166
